 Dungeon Crawl Stone Soup version 0.22.1-1-ga44c0e5 (webtiles) character file.

45 inc the Ducker (level 3, 17/17 HPs)
             Began as a Felid Monk on Oct 28, 2018.
             Was a Believer of Wu Jian.
             Quit the game on level 2 of the Dungeon.
             The game lasted 00:02:51 (1790 turns).

inc the Ducker (Felid Monk)                         Turns: 1790, Time: 00:02:52

Health: 17/17      AC:  1    Str:  7    XL:     3   Next: 42%
Magic:  4/4        EV: 22    Int: 11    God:    Wu Jian [**....]
Gold:   65         SH:  0    Dex: 19    Spells: 2/2 levels left
                                        Lives:  0   Deaths: 1

rFire    . . .     SeeInvis +     - Unarmed
rCold    . . .     Gourm    .   (shield unavailable)
rNeg     . . .     Faith    .   (armour unavailable)
rPois    .         Spirit   .   (helmet unavailable)
rElec    .         Reflect  .   (cloak unavailable)
rCorr    .         Harm     .   (gloves unavailable)
MR       .....                  (boots unavailable)
Stlth    +++.......             (no amulet)
HPRegen  0.05/turn              (no ring)
MPRegen  0.09/turn              (no ring)

@: quick
A: very small, no armour, no weapons or thrown items, stealth, claws 1, fangs 3,
see invisible, carnivore, speed 1, shaggy fur 1, slow metabolism 1, sharp paws
a: Wall Jump, Renounce Religion


You were on level 2 of the Dungeon.
You worshipped Wu Jian.
Wu Jian was pleased with you.
You were not hungry.

You visited 1 branch of the dungeon, and saw 2 of its levels.

You collected 65 gold pieces.

Inventory:

Scrolls
 b - 3 scrolls of remove curse {unknown}
 d - 3 scrolls of identify {unknown}
 e - a scroll of enchant weapon {unknown}
 f - 3 scrolls of teleportation {unknown}
 h - a scroll of immolation {unknown}
Potions
 c - a potion of haste {unknown}
 g - a potion of cancellation {unknown}
Comestibles
 a - 2 rations


   Skills:
 - Level 3.0 Fighting
 + Level 5.7 Dodging
 - Level 2.6 Stealth
 + Level 4.3 Unarmed Combat


You had 2 spell levels left.
You didn't know any spells.
Your spell library was empty.

Dungeon Overview and Level Annotations

Branches:
Dungeon (2/15)

Altars:
Wu Jian

Annotations:
D:2 Jessica


Innate Abilities, Weirdness & Mutations

You cannot wear armour.
You are incapable of wielding weapons or throwing items.
Your paws allow you to move quietly. (Stealth)
You have sharp claws.
You have razor-sharp teeth.
You have supernaturally acute eyesight. (SInv)
You are carnivorous and can eat meat at any time.
You cover ground quickly.
You are covered in fur. (AC +1)
You have a slow metabolism.
Your sharp claws are effective at attacking unaware monsters.


Message History

Jessica is heavily wounded.
Jessica gestures wildly while chanting.
Jessica seems to speed up.
You scratch Jessica.
Jessica is severely wounded.
Jessica casts a spell.
Jessica blinks!
Jessica casts a spell.
Jessica blinks!
You spin and attack Jessica.
You scratch Jessica but do no damage.
Jessica is severely wounded.
Jessica barely misses you.
You see here 15 arrows.
Jessica casts a spell at you. Pain shoots through your body!
Ouch! That really hurt!
You die...
You are now level 3!
You rejoin the land of the living...
Are you sure you want to abandon this character and quit the game? (Confirm

###.##....#####...##..# #...
##...##....###...#..##.#####.
#####..####........###.........#.
...##.###......#######.#####.#...
..........#.#########..#####..###
#..........................##..†.
#........##.#####..............##
#........(...).............###.##
#........##.####@..........###...
#..#####....#....................
#.## #.###..###..........##....
#.# ##.....## #................
..# #......# #..........######
### #....<.# #..........>.....
#......####..####...#######
#.................### ###
#..........##############..


There were no monsters in sight!

Vanquished Creatures
  3 gnolls
  2 adders (D:2)
  An ooze (D:2)
  A worm (D:2)
  2 dart slugs (D:2)
  2 leopard geckos
  2 ball pythons
  2 giant cockroaches
  2 goblins
  6 hobgoblins
  4 jackals (D:2)
  A quokka (D:2)
  3 bats (D:1)
  2 frilled lizards
  4 kobolds
  3 rats
40 creatures vanquished.

Notes
Turn   | Place    | Note
-------+----------+-------------------------------------------
     0 | D:1      | inc the Felid Monk began the quest for the Orb.
     0 | D:1      | Reached XP level 1. HP: 10/10 MP: 2/2
   364 | D:1      | Reached XP level 2. HP: 14/14 MP: 3/3
   772 | D:2      | Reached XP level 3. HP: 17/17 MP: 4/4
   791 | D:2      | Reached skill level 5 in Dodging
  1252 | D:2      | Reached XP level 4. HP: 17/21 MP: 5/5
  1446 | D:2      | Found an ornate altar of the Wu Jian Council.
  1648 | D:2      | Became a worshipper of the Wu Jian Council
  1648 | D:2      | Reached * piety under Wu Jian
  1648 | D:2      | Reached ** piety under Wu Jian
  1758 | D:2      | Noticed Jessica
  1780 | D:2      | HP: 1/21 [Jessica/enchanted club (8)]
  1789 | D:2      | Killed from afar by Jessica
  1790 | D:2      | Reached XP level 3. HP: -13/17 MP: 4/4
  1790 | D:2      | Quit the game

Skill      XL: |  1  2  3 |
---------------+----------+-----
Dodging        | 5 |  5.7
Unarmed Combat | 4 |  4.3
Fighting       | |  3.0
Stealth        | |  2.6

Action                   |  1- 3 |  4- 6 || total
-------------------------+-------+-------++-------
Melee: Unarmed           |    70 |    52 ||   122
       Bite              |     6 |     3 ||     9
       Punch             |     1 |       ||     1
Invok: Whirlwind         |       |     2 ||     2
       Lunge             |       |     1 ||     1
 Stab: Sleeping          |     7 |     3 ||    10
       Distracted        |     1 |       ||     1
Armor: Skin              |     2 |     2 ||     4
Dodge: Dodged            |    46 |    33 ||    79
